Workbook

Sheet Summary
A1: Ongoing Financial Statement 2025/2026
J2: CIL
A3: Date | B3: Description | C3: Credits | D3: Reconciled Debits | E3: Liable Debits | F3: Sub Totals | G3: Totals | H3: Balance | J3: Date allocated | K3: Amount | L3: Spend to date | M3: Balance | N3: Spend deadline
A4: 45748 | B4: Opening Balance | C4: 11458.01 | J4: 45227 | K4: 1062.39 | L4: 550 | M4: =K4-L4 -> 512.39 | N4: 47054
B5: Payments pertaining to previous financial year 2024/25 | C5: 100
B6: Earmarked Reserves (including CIL, playground, pump) | C6: 2662.39
B7: General reserves | C7: 1591.5
A8: 46112 | B8: Closing Balance
J9: 100 Club
J10: 45383 | K10: 100 Club Opening Balance | L10: ='100 Club'!D24 -> 2477.97
B11: Receipts | J11: 45747 | K11: 100 Club Closing Balance | L11: ='100 Club'!E36 -> 0
A12: 45777 | B12: ESC Precept | C12: 6366
A13: 45785 | B13: Gun Club Donation | C13: 100
A14: 45825 | B14: Gun Club Donation | C14: 506
A15: 45793 | B15: 100 Club Prizes Transfer | C15: 570
G16: =SUM(C12:C16) -> 7542 | H16: =H5+G16 -> 7542
J17: 25/26 to date | K17: 25/26 | L17: 25/26 | M17: Suggested
B18: Transactions | D18: Reconcilled | E18: Liable | F18: Total | I18: Estimate | J18: Total | K18: Budget | L18: Variance | M18: 2026/27 Budget | N18: Notes
B19: 100 Club | D19: =Reconciled!I46 -> 200 | E19: =Liable!I11 -> 0 | F19: =D19+E19 -> 200 | J19: =F19+I19 -> 200 | K19: 570 | L19: =K19-J19 -> 370
B20: =Reconciled!J$2 -> Subscriptions | D20: =Reconciled!J46 -> 338.41 | E20: =Liable!J11 -> 54 | F20: =D20+E20 -> 392.41 | J20: =F20+I20 -> 392.41 | K20: 300 | L20: =K20-J20 -> -92.41
B21: =Reconciled!K2 -> Village Hall | D21: =Reconciled!K46 -> 0 | E21: =Liable!K11 -> 0 | F21: =D21+E21 -> 0 | J21: =F21+I21 -> 0 | K21: 350 | L21: =K21-J21 -> 350
B22: =Reconciled!L2 -> Training | D22: =Reconciled!L46 -> 0 | E22: =Liable!L11 -> 0 | F22: =D22+E22 -> 0 | J22: =F22+I22 -> 0 | K22: 0 | L22: =K22-J22 -> 0
B23: =Reconciled!M2 -> Expense | D23: =Reconciled!M46 -> 0 | E23: =Liable!M11 -> 0 | F23: =D23+E23 -> 0 | J23: =F23+I23 -> 0 | L23: =K23-J23 -> 0
B24: =Reconciled!N2 -> Audit | D24: =Reconciled!N46 -> 219.6 | E24: =Liable!N11 -> 0 | F24: =D24+E24 -> 219.6 | J24: =F24+I24 -> 219.6 | K24: 230 | L24: =K24-J24 -> 10.4
B25: =Reconciled!O2 -> Salary | D25: =Reconciled!O46 -> 1588.91 | E25: =Liable!O11 -> 0 | F25: =D25+E25 -> 1588.91 | J25: =F25+I25 -> 1588.91 | K25: 3300 | L25: =K25-J25 -> 1711.09
B26: Salary contingency | D26: =Reconciled!P46 -> 0 | E26: =Liable!P11 -> 0 | F26: =D26+E26 -> 0 | J26: =F26+I26 -> 0 | L26: =K26-J26 -> 0
B27: =Reconciled!Q2 -> Defibrillator | D27: =Reconciled!Q46 -> 0 | E27: =Liable!Q11 -> 0 | F27: =D27+E27 -> 0 | J27: =F27+I27 -> 0 | K27: 0 | L27: =K27-J27 -> 0
B28: =Reconciled!R2 -> Local Elections | D28: =Reconciled!R46 -> 0 | E28: =Liable!R11 -> 0 | F28: =D28+E28 -> 0 | J28: =F28+I28 -> 0 | K28: 0 | L28: =K28-J28 -> 0
B29: =Reconciled!S2 -> Insurance | D29: =Reconciled!S46 -> 0 | E29: =Liable!S11 -> 0 | F29: =D29+E29 -> 0 | J29: =F29+I29 -> 0 | K29: 550 | L29: =K29-J29 -> 550
B30: =Reconciled!T2 -> Chairman | D30: =Reconciled!T46 -> 0 | E30: =Liable!T11 -> 0 | F30: =D30+E30 -> 0 | J30: =F30+I30 -> 0 | K30: 0 | L30: =K30-J30 -> 0
B31: =Reconciled!U2 -> Donations | D31: =Reconciled!U46 -> 0 | E31: =Liable!U11 -> 0 | F31: =D31+E31 -> 0 | J31: =F31+I31 -> 0 | K31: 0 | L31: =K31-J31 -> 0
B32: =Reconciled!V2 -> Laptop/IT | D32: =Reconciled!V46 -> 312 | E32: =Liable!V11 -> 0 | F32: =D32+E32 -> 312 | J32: =F32+I32 -> 312 | K32: 100 | L32: =K32-J32 -> -212
B33: =Reconciled!W2 -> S137 Payments | D33: =Reconciled!W46 -> 0 | E33: =Liable!W11 -> 0 | F33: =D33+E33 -> 0 | J33: =F33+I33 -> 0 | K33: 0 | L33: =K33-J33 -> 0
B34: =Reconciled!X2 -> SID | D34: =Reconciled!X46 -> 0 | E34: =Liable!X11 -> 0 | F34: =D34+E34 -> 0 | J34: =F34+I34 -> 0 | K34: 300 | L34: =K34-J34 -> 300
B35: =Reconciled!Y2 -> Stationery/Postage | D35: =Reconciled!Y46 -> 0 | E35: =Liable!Y11 -> 0 | F35: =D35+E35 -> 0 | J35: =F35+I35 -> 0 | K35: 0 | L35: =K35-J35 -> 0
B36: =Reconciled!Z2 -> Village/Playground Maintenance | D36: =Reconciled!Z46 -> 100 | E36: =Liable!Z11 -> 0 | F36: =D36+E36 -> 100 | J36: =F36+I36 -> 100 | K36: 720 | L36: =K36-J36 -> 620
B37: Admin | D37: =Reconciled!AA46 -> 75.24 | E37: =Liable!AA11 -> 0 | F37: =D37+E37 -> 75.24 | K37: 400 | L37: =K37-J37 -> 400
D38: =SUM(D19:D37) -> 2834.16 | E38: =SUM(E19:E37) -> 54 | F38: =SUM(F19:F37) -> 2888.16 | I38: =SUM(I19:I37) -> 0 | J38: =SUM(J19:J37) -> 2812.92 | K38: =SUM(K19:K37) -> 6820 | L38: =SUM(L19:L37) -> 4007.08 | M38: =SUM(M19:M37) -> 0
F40: =F38-F25 -> 1299.25

Sheet Liable
A2: Date | B2: Inv No | C2: Payee | D2: Notes | E2: Cheque number | F2: Amount | G2: VAT | H2: Bank Statement | I2: 100 Club | J2: Subscriptions | K2: Village Hall | L2: Training | M2: Expense | N2: Audit | O2: Salary | P2: Salary contingency | Q2: Defibrillator | R2: Local Elections | S2: Insurance | T2: Chairman | U2: Donations | V2: Laptop/IT | W2: S137 Payments | X2: SID | Y2: Stationery/Postage | Z2: Village/Playground Maintenance | AA2: Admin
A3: 45930 | B3: 30461 | C3: SALC | D3: 3 months payroll | F3: 54 | G3: 9 | J3: 54
A10: *** DO NOT INSERT LINES BELOW THIS LINE ONLY ABOVE
A11: 45387 | C11: Totals | F11: =SUM(F3:F10) -> 54 | I11: =SUM(I3:I10) -> 0 | J11: =SUM(J3:J10) -> 54 | K11: =SUM(K3:K10) -> 0 | L11: =SUM(L3:L10) -> 0 | M11: =SUM(M3:M10) -> 0 | N11: =SUM(N3:N10) -> 0 | O11: =SUM(O3:O10) -> 0 | P11: =SUM(P3:P10) -> 0 | ... AA11: =SUM(AA3:AA10) -> 0
C12: Check | F12: =SUM(I11:AA11) -> 54

Sheet Reconciled
A2: Date | B2: Inv No | C2: Payee | D2: Online banking ref | E2: Cheque number | F2: Amount | G2: VAT | H2: Bank Statement | I2: 100 Club | J2: Subscriptions | K2: Village Hall | L2: Training | M2: Expense | N2: Audit | O2: Salary | P2: Salary contingency | Q2: Defibrillator | R2: Local Elections | S2: Insurance | T2: Chairman | U2: Donations | V2: Laptop/IT | W2: S137 Payments | X2: SID | Y2: Stationery/Postage | Z2: Village/Playground Maintenance | AA2: Admin & Banking Charges
A3: 01.04.25 | B3: N/A | C3: Village Maintenance | E3: 100114 | F3: 100 | G3: 0 | H3: March 2025 | Z3: 100
A4: 26.04.25 | B4: N/A | C4: HSBC - Banking Charges | F4: 5.72 | G4: 0 | H4: April 2025 | AA4: 5.72
A5: 06.05.25 | B5: N/A | C5: MRS A CLARKE | F5: 291.72 | H5: April 2025 | O5: 291.72
A6: 14.05.25 | B6: N/A | C6: 100 Club Withdrawl | F6: 70 | H6: May 2025 | I6: 70
A7: 23.05.25 | B7: 1 | C7: SALC | F7: 54 | G7: 9 | H7: May 2025 | AA7: 54
A8: 23.05.25 | B8: 2 | C8: SALC | F8: 171.42 | G8: 0 | H8: May 2025 | J8: 171.42
A9: 26.05.25 | C9: HSBC - Banking Charges | F9: 5 | H9: May 2025 | AA9: 5
A10: 29.05.25 | B10: 5 | C10: Suffolk Preservation Society | F10: 30 | H10: May 2025 | J10: 30
A11: 30.05.25 | B11: N/A | C11: MRS A CLARKE | F11: 291.72 | H11: May 2025 | O11: 291.72
A12: 04.06.25 | B12: 12 | C12: ICO | F12: 52 | H12: May 2025 | J12: 52
A13: 16.06.25 | B13: 4 | C13: Microsoft | F13: 84.99 | H13: June 2025 | J13: 84.99
A14: 26.06.25 | B14: N/A | C14: HSBC - Banking Charges | F14: 5.28 | H14: June 2025 | AA14: 5.28
A15: 02.07.25 | B15: N/A | C15: MRS A CLARKE | F15: 422.03 | H15: June 2025 | O15: 422.03
A16: 05.07.25 | B16: N/A | C16: 100 Club Withdrawl | F16: 60 | H16: July 2025 | I16: 60
A17: 22.07.25 | B17: 9 | C17: SALC | F17: 219.6 | G17: 36.6 | H17: July 2025 | N17: 219.6
A18: 26.07.25 | B18: N/A | C18: HSBC - Banking Charges | F18: 5 | H18: July 2025 | AA18: 5
A19: 31.07.25 | B19: N/A | C19: MRS A CLARKE | F19: 291.72 | H19: July 2025 | O19: 291.72
A20: 26.08.25 | B20: N/A | C20: HSBC - Banking Charges | F20: 0.24 | H20: August 2025 | AA20: 0.24
A21: 27.08.25 | B21: N/A | C21: MRS A CLARKE | F21: 291.72 | H21: August 2025 | O21: 291.72
A22: 29.08.25 | B22: N/A | C22: 100 Club Withdrawl | F22: 70 | H22: August 2025 | I22: 70
B23: 42UG012 | C23: Parish Online | F23: 312 | H23: September 2025 | V23: 312
C46: Totals | F46: =SUM(F3:F44) -> 2834.16 | I46: =SUM(I3:I45) -> 200 | J46: =SUM(J3:J45) -> 338.41 | K46: =SUM(K3:K45) -> 0 | L46: =SUM(L3:L45) -> 0 | M46: =SUM(M3:M45) -> 0 | N46: =SUM(N3:N45) -> 219.6 | O46: =SUM(O3:O45) -> 1588.91 | P46: =SUM(P3:P45) -> 0 | ... AA46: =SUM(AA3:AA45) -> 75.24
C47: Check | F47: =SUM(I46:AA46) -> 2834.16
F49: =F46-F47 -> 0

Sheet 100 Club
A1: Date | B1: Description | C1: Credits
A2: 45748 | B2: Opening Balance | C2: 2477.97
B3: Payments pertaining to previous financial year 2024/25 | C3: 0
A4: 46112 | B4: Closing Balance | E4: Check:
C5: =C4-C2 -> -2477.97 | E5: Receipts less transactions | F5: =C21-C37 -> -502.4
A7: Statement | B7: Receipts
A8: APRIL 25 | B8: Subscription payments
A9: MAY 25 | B9: Subscription payments
A10: JUNE 25 | B10: Subscription payments
A11: JULY 25 | B11: Subscription payments
A12: AUG 25 | B12: Subscription payments
A13: SEPT 25 | B13: Subscription payments
A14: OCT 25 | B14: Subscription payments
A15: NOV 25 | B15: Subscription payments
A16: DEC 25 | B16: Subscription payments
A17: JAN 26 | B17: Subscription payments
A18: FEB 26 | B18: Subscription payments
A19: MAR 26 | B19: Subscription payments
A20: APRIL 26
B21: TOTAL | C21: =SUM(C8:C20) -> 0
A23: Statement | B23: Transactions | D23: Opening balance | E23: Closing balance | F23: Check
A24: APRIL 25 | B24: CASH IN | C24: 502.4 | D24: 2477.97 | E24: 2980.37 | F24: =E24-D24 -> 502.4
A25: MAY 25 | F25: =E25-D25 -> 0
A26: JUNE 25 | F26: =E26-D26 -> 0
A27: JULY 25 | F27: =E27-D27 -> 0
A28: AUG 25 | F28: =E28-D28 -> 0
A29: SEPT 25 | F29: =E29-D29 -> 0
A30: OCT 25 | F30: =E30-D30 -> 0
A31: NOV 25 | F31: =E31-D31 -> 0
A32: DEC 25 | F32: =E32-D32 -> 0
A33: JAN 26 | F33: =E33-D33 -> 0
A34: FEB 26 | F34: =E34-D34 -> 0
A35: MAR 26 | F35: =E35-D35 -> 0
A36: APRIL 26 | F36: =E36-D36 -> 0
B37: TOTAL | C37: =SUM(C24:C36) -> 502.4

Sheet COMBINED SUMMARY
A2: PC Account | E2: 100 Club Account
E3: Date | F3: Description | G3: Credits
A4: Date | B4: Description | C4: Credits | E4: 45748 | F4: Opening Balance | G4: 2477.97
A5: 45748 | B5: Opening Balance | C5: 11458.01 | F5: Payments pertaining to previous financial year 2024/25 | G5: 0
B6: Payments pertaining to previous financial year 2024/25 | C6: 100 | E6: 46112 | F6: Closing Balance
B7: Earmarked Reserves (including CIL, playground, pump) | C7: 2662.39
B8: General reserves | C8: 1591.5
A9: 46112 | B9: Closing Balance
F11: Receipts
B12: Receipts | E12: 46112 | F12: Subscriptions
A13: 45777 | B13: ESC Precept | C13: 6366 | F13: TOTAL
A14: 45785 | B14: Gun Club Donation | C14: 100
A15: 45825 | B15: Gun Club Donation | C15: 506
A16: 45793 | B16: 100 Club Prizes Transfer | C16: 570
B17: TOTAL | C17: =SUM(C12:C16) -> 7542
B19: Transactions | F19: Transactions
A20: 45747 | B20: TOTAL | C20: =Summary!D38 -> 2834.16 | E20: 46112 | F20: TOTAL | G20: ='100 Club'!C37 -> 502.4
B25: TOTAL RECEIPTS | C25: =C17+G13 -> 7542
B26: TOTAL PAYMENTS | C26: =C20+G20 -> 3336.56
